[Event "*** Titled Tuesday Blitz"]
[Site "Chess.com"]
[Date "2019.10.01"]
[Round "10"]
[White "Aggressus"]
[Black "WPWPWP-2015"]
[Result "0-1"]
[WhiteElo "2352"]
[BlackElo "2480"]
[TimeControl "180+2"]
[EndTime "15:29:48 PDT"]
[Termination "WPWPWP-2015 won by checkmate"]

1. e4 c5 2. Nf3 d6 3. d4 cxd4 4. Qxd4 Nc6 5. Bb5 Bd7 6. Bxc6 Bxc6 7. Nc3 e5 8. Qd3 Nf6 9. Bg5 Be7 10. Bxf6 Bxf6 11.
Rd1 Be7 12. O-O O-O 13. Nd5 Re8 14. Nxe7+ Qxe7 15. c4 f5 16. Nd2 f4 17. Nb1 Rad8 18.
Nc3 Qg5 19. f3 Re6 20. Rf2 Rh6 21. b4 Qh4 22. h3 Qg3 23. Kf1 a6 24. a4 Be8 25. Rc2 Bf7 26. Ne2 Qg5 27. c5 d5 28. Ng1 Rg6 29. b5 axb5 30. axb5 d4 31. c6 bxc6 32. bxc6 Rc8 33. Qb5 Qe7 34. Ne2 Be8 35.
Qd5+ Qe6 36. c7 Qxd5 37. exd5 Ba4 38. Rb1 Rf6 39. Rb8 Rff8 40. Rc5 Bd7 41. d6 Rxb8 42.
cxb8=Q Rxb8 43. Rxe5 d3 44. Nc3 Rc8 45. Re7 Rxc3 46.
Rxd7 Rc1+ 47. Kf2 d2 48. Rc7 Rf1+ 49. Kxf1 d1=Q+ 50. Kf2 Qxd6 51. Rc8+ Kf7 52. Kg1 Qd1+ 53. Kh2 Qe1 54. Rc4 g5 55. Re4 Qf2 56. Kh1 h6 57. Kh2 Kg6 58. Kh1 Kf5 59. Kh2 Qg3+ 60. Kh1 h5 61. Ra4 Qe1+ 62. Kh2 Qe5 63. Rc4 Qd5 64. Ra4 Ke5 65. Ra7 Kd4 66. Ra4+ Ke3 67. Ra3+ Kf2 68. Rc3 Qd2 69. Rc4 Qd1 70. Re4 Qg1# 0-1

[Event "*** Titled Tuesday Blitz"]
[Site "Chess.com"]
[Date "2019.10.01"]
[Round "10"]
[White "mortngabriel"]
[Black "Roman_Ovetchkin"]
[Result "0-1"]
[WhiteElo "2362"]
[BlackElo "2635"]
[TimeControl "180+2"]
[EndTime "15:29:50 PDT"]
[Termination "Roman_Ovetchkin won by resignation"]

1. d4 Nf6 2. Nf3 g6 3. Nc3 Bg7 4. e4 d5 5. exd5 Nxd5 6. Nxd5 Qxd5 7. c4 Qd6 8. Be2 O-O 9. O-O b6 10. Be3 Bb7 11. Qd2 Rd8 12. Rad1 c6 13. Bf4 Qd7 14. Ne5 Qe8 15. Bf3 Rc8 16. Rfe1 Nd7 17.
c5 bxc5 18. Nxd7 Qxd7 19. dxc5 Qxd2 20. Rxd2 e6 21. Rd7 Ba6 22. b3 Bf8 23. Be3 Bg7 24. Red1 Bf8 25. h4 h5 26. g3 Kg7 27. Kg2 Kg8 28.
R1d4 Bb5 29. Rf4 f5 30. a4 Ba6 31. Rb4 e5 32. Bd1 Rd8 33. Rxd8 Rxd8 34. Bc2 Kf7 35.
f4 e4 36. Kf2 Ke6 37. Ke1 Be7 38. Kf2 Bf6 39. a5 Bc3 40. Ra4 Rb8 41. Ra2 Rb5 42.
Bd1 Rxa5 43. Rc2 Bb4 44. Be2 Bxe2 45. Kxe2 Kd5 46. Rc4 Bxc5 47. Bxc5 Rxc5 48. Ra4 Rc3 49. Kf2 Rf3+ 50. Kg2 Rxb3 51. Rxa7 Rb6 52. Rd7+ Kc4 53.
Rd6 Rb2+ 54. Kh3 c5 55. Rxg6 e3 56. Re6 Kd4 57. Rd6+ Ke4 58. Rc6 Kf3 59. Rxc5 e2 60. Re5 Kf2 61. g4 fxg4+ 62. Kh2 e1=Q 0-1

[Event "*** Titled Tuesday Blitz"]
[Site "Chess.com"]
[Date "2019.10.01"]
[Round "10"]
[White "Bigfish1995"]
[Black "Parhamov"]
[Result "0-1"]
[WhiteElo "2991"]
[BlackElo "3050"]
[TimeControl "180+2"]
[EndTime "15:29:55 PDT"]
[Termination "Parhamov won by resignation"]

1. d4 Nf6 2. c4 e6 3. Nc3 Bb4 4. f3 d5 5. a3 Be7 6. e4 dxe4 7.
fxe4 c5 8. d5 exd5 9. exd5 O-O 10.
Be2 Bd6 11. Nb5 Re8 12. Nxd6 Qxd6 13. Nf3 Bg4 14. O-O Nbd7 15. b3 h6 16. Ra2 Re4 17. Bd3 Re7 18. Re2 Rae8 19. Rxe7 Rxe7 20. Bb2 Ne5 21.
Be2 Bxf3 22. Bxf3 Nxf3+ 23. Qxf3 Ne4 24. Qg4 f6 25. h4 h5 26. Qd1 Qg3 27. Rf3 Qxh4 28. Qe2 Re8 29. d6 Nxd6 30. Qd3 Re1+ 31. Rf1 Ne4 32. Qd5+ Kh8 33. Rxe1 Qxe1+ 34. Kh2 Qh4+ 35.
Kg1 b6 36. Bc1 Qe1+ 37. Kh2 Qg3+ 38. Kg1 Qg4 39. Be3 h4 40. Kh2 Qg3+ 41. Kh1 Qxe3 42.
Qh5+ Qh6 43. Qe8+ Kh7 44. Qxe4+ g6 45. Qe7+ Qg7 46. Qe6 f5 47. b4 Qc7 48. Qf6 Qf4 49. Qe7+ Kh6 50. Qxa7 Qxc4 51. Qxb6 Qf1+ 52. Kh2 Qf4+ 53. Kh1 c4 54. Qc5 Qc1+ 55. Kh2 c3 56. Qd4 Qe1 57. Qh8+ Kg5 58. Qd8+ Kh5 59. Qh8+ Kg4 60.
Qd4+ f4 61. Qd7+ Kh5 62. Qd5+ Kh6 63. Qd4 Qe3 64. Qh8+ Kg5 65. Qd8+ Kf5 66. Qd5+ Qe5 67. Qd3+ Kg5 68. Qd8+ Kh5 69. Qd1+ Kh6 70. Qd8 f3+ 71. Kh1 Qe1+ 0-1

[Event "*** Titled Tuesday Blitz"]
[Site "Chess.com"]
[Date "2019.10.01"]
[Round "10"]
[White "cukus"]
[Black "AliKa2810"]
[Result "1-0"]
[WhiteElo "2479"]
[BlackElo "2566"]
[TimeControl "180+2"]
[EndTime "15:30:04 PDT"]
[Termination "cukus won by resignation"]

1. e4 e6 2. d4 d5 3. Nc3 Bb4 4.
e5 Ne7 5. a3 Bxc3+ 6. bxc3 c5 7.
Qg4 Kf8 8. h4 Qa5 9. Bd2 Qa4 10.
h5 h6 11. Rh3 Nbc6 12. Qf4 b6 13. Rf3 Nd8 14. g4 Ba6 15. dxc5 Qxf4 16. Bxf4 Bxf1 17. Kxf1 bxc5 18. Rb1 Nec6 19. c4 Ke7 20. cxd5 exd5 21. Ne2 Re8 22. g5 hxg5 23. Bxg5+ Kd7 24. Bxd8 Nxe5 25.
Rg3 Raxd8 26. Rxg7 Kc6 27. Rb3 Nc4 28. Rh3 Nd2+ 29.
Ke1 Ne4 30. h6 d4 31. h7 Nc3 32. Rg8 Rxg8 33. hxg8=Q Rxg8 34. Nxc3 dxc3 35. Rxc3 Kd5 36. Ke2 c4 37. Rf3 Re8+ 38. Kd2 Re7 39. Kc3 Kd6 40. Kxc4 Rc7+ 41. Kd3 Kd5 42. Rf5+ Ke6 43. Ra5 Rd7+ 44. Ke3 Rc7 45. Kd3 Rd7+ 46. Kc3 Rc7+ 47.
Kb3 Rb7+ 48. Kc4 Rc7+ 49. Rc5 Rd7 50. Kc3 Kd6 51. Rb5 Ke6 52. a4 f5 53. a5 f4 54.
a6 Rd6 55. Ra5 Rc6+ 56. Kd3 Rd6+ 57. Ke4 Rc6 58. Kxf4 Rxc2 59. f3 Kf6 60. Rf5+ Ke6 61. Rh5 Rc4+ 62. Ke3 Rc7 63. Ke4 Rc4+ 64. Kd3 Rc7 65.
Kd4 Kf6 66. Kd5 Kg6 67. Re5 Kf6 68. Re6+ Kf5 69. Kd6 Rc1 70. Re7 Rd1+ 71. Kc6 Rc1+ 72. Kb7 Rb1+ 73. Kxa7 Kf4 74. Rf7+ Ke5 75. Ka8 Ke6 76.
Rb7 Ra1 77. a7 Rd1 78. Kb8 1-0

[Event "*** Titled Tuesday Blitz"]
[Site "Chess.com"]
[Date "2019.10.01"]
[Round "10"]
[White "IMRosen"]
[Black "DonRodrigue"]
[Result "1/2-1/2"]
[WhiteElo "2648"]
[BlackElo "2718"]
[TimeControl "180+2"]
[EndTime "15:30:57 PDT"]
[Termination "Game drawn - insufficient material"]

1. d4 Nf6 2. Bf4 e6 3. e3 b6 4. Nf3 Bb7 5. c4 Bb4+ 6. Nfd2 O-O 7. a3 Be7 8. Nc3 d5 9. Qc2 c5 10. dxc5 Bxc5 11. b4 Bd6 12. Bxd6 Qxd6 13. Be2 d4 14. exd4 Bxg2 15. Rg1 Qxh2 16. O-O-O Bb7 17. Nde4 Nxe4 18.
Nxe4 Qf4+ 19. Qd2 Qxd2+ 20. Nxd2 a5 21. b5 Nd7 22. Rg3 Rac8 23. Kb2 Rfd8 24. a4 Nf6 25. Nb3 Ne4 26. Re3 Nxf2 27. Rf1 Ne4 28. Bf3 Nd6 29.
Nd2 Bxf3 30. Rexf3 Nf5 31. d5 g6 32. Nb3 Rxc4 33. dxe6 fxe6 34. Re1 Rxa4 35. Rxe6 Rb4 36. Ka3 Rxb5 37. Re1 Rb4 38. Rg1 Kf7 39. Rh1 h5 40.
Rc1 Ke6 41. Rg1 Rg8 42. Re1+ Kf6 43. Rc1 Re8 44. Rc6+ Re6 45. Rc8 Kg5 46. Rg8 Re3 47.
Rxe3 Nxe3 48. Re8 Nc4+ 49. Ka2 h4 50. Nd4 h3 51. Rh8 Ne5 52. Ne6+ Kf6 53. Nc7 Rc4 54. Nd5+ Ke6 55. Nxb6 Rc6 56. Na4 g5 57. Rxh3 g4 58.
Rg3 Kf5 59. Rg1 Kf4 60. Nb2 g3 61.
Rf1+ Ke3 62. Nd1+ Ke2 63. Rg1 Kf3 64. Rf1+ Kg4 65. Ne3+ Kg5 66. Rf5+ Kg6 67. Rxe5 g2 68. Re8 Rc5 69. Rg8+ Kf6 70. Rxg2 Ke5 71. Nd1 Ke4 72. Nb2 Kd5 73. Rg5+ Kc6 74. Rg6+ Kc7 75. Rg7+ Kc6 76. Rg8 Kc7 77. Rh8 Rg5 78. Rh6 Kb7 79. Kb3 Rb5+ 80. Ka3 Rb6 81. Rh5 Ka6 82. Nc4 Rb5 83. Rh6+ Ka7 84. Rh7+ Ka6 85. Rh4 Rg5 86. Rf4 Rh5 87. Ka4 Rh1 88. Rf6+ Ka7 89. Kb5 Rb1+ 90. Kc6 Rc1 91. Rf7+ Kb8 92. Kb6 Rxc4 93. Rf8+ Rc8 94. Rxc8+ Kxc8 95. Kxa5 1/2-1/2

[Event "*** Titled Tuesday Blitz"]
[Site "Chess.com"]
[Date "2019.10.01"]
[Round "10"]
[White "VladDobrov"]
[Black "AntonSmirnov"]
[Result "1/2-1/2"]
[WhiteElo "2963"]
[BlackElo "2920"]
[TimeControl "180+2"]
[EndTime "15:31:00 PDT"]
[Termination "Game drawn - insufficient material"]

1. d4 d5 2. c4 c6 3. Nc3 dxc4 4. e3 b5 5. a4 b4 6. Ne4 Qd5 7. Nd2 c3 8. Ndf3 cxb2 9. Bxb2 Nf6 10. Ne2 e6 11.
Nf4 Qa5 12. Bc4 Bd6 13. Nd3 Nbd7 14. O-O O-O 15. Re1 Ne4 16. Nde5 Nxe5 17. dxe5 Be7 18. Nd4 Bb7 19. Nb3 Qc7 20. Qc2 Nc3 21. Bxc3 bxc3 22.
Qxc3 a5 23. Red1 Bb4 24. Qb2 Rad8 25. f4 c5 26. Qc2 g6 27. Kf2 Qc6 28. Kg1 Qe4 29.
Qxe4 Bxe4 30. Rxd8 Rxd8 31. Kf2 h5 32. h4 Kg7 33. g3 Kf8 34. Rc1 Ke7 35. Bb5 Rc8 36. Ke2 Bd5 37. Bc4 Bc6 38. Ba6 Rc7 39. Bb5 Bd5 40. Bc4 Bb7 41. Bb5 Bd5 42. Bc4 Rc8 43.
Kd3 Bf3 44. e4 Rd8+ 45. Ke3 Bg2 46. Be2 Rc8 47. Rc4 Rc7 48. Kf2 Bh3 49. Nd4 Rd7 50. Nc6+ Kf8 51. Nxb4 cxb4 52. Rc8+ Kg7 53. Ra8 Rd2 54.
Ke3 Ra2 55. Rxa5 Ra3+ 56. Kf2 Ra2 57. Ke3 Bg2 58. Bc4 Ra3+ 59. Kd4 Rxg3 60. Rb5 Rf3 61. Rxb4 Rxf4 62. Bd3 Rxh4 63. a5 Rh1 64. Ra4 h4 65. a6 h3 66. a7 h2 67. a8=Q Rd1 68. Qd8 h1=Q 69. Qf6+ Kh7 70. Qxf7+ Kh6 71. Qf4+ g5 72. Qf6+ Kh5 73. Qf7+ Kh4 74. Qh7+ Kg4 75. Qxh1 Bxh1 76. Ke3 Re1+ 77. Kd2 Rg1 78. Ke3 Rg3+ 79. Kd4 Rh3 80. Ra6 Rh6 81. Bc4 Kf4 82. Rxe6 Rxe6 83. Bxe6 Bxe4 84.
Bd7 Bg6 85. Kd5 Bh5 86. Kd6 Bg6 87. e6 g4 88. e7 g3 89. Bc6 Bh5 90. Kd7 Ke3 91.
e8=Q+ Bxe8+ 92. Kxe8 Kd4 93. Ke7 Kc5 94. Bg2 Kd4 95.
Kf6 Ke3 96. Kg5 Kf2 97. Bc6 Ke3 98. Kh4 Kf2 99. Kh3 g2 100. Bxg2 1/2-1/2

[Event "*** Titled Tuesday Blitz"]
[Site "Chess.com"]
[Date "2019.10.01"]
[Round "10"]
[White "Jospem"]
[Black "GMKrikor"]
[Result "1/2-1/2"]
[WhiteElo "2892"]
[BlackElo "2813"]
[TimeControl "180+2"]
[EndTime "15:31:44 PDT"]
[Termination "Game drawn by repetition"]

1. c4 c6 2. Nf3 d5 3. g3 Nf6 4.
Bg2 dxc4 5. O-O Nbd7 6. Qc2 Nb6 7. Na3 g6 8. Nxc4 Bg7 9. b3 O-O 10. Bb2 Be6 11. d3 Ne8 12. Bxg7 Nxg7 13. b4 Nf5 14. Na5 Rb8 15. e3 Nd5 16. a3 Ndxe3 17. fxe3 Nxe3 18.
Qe2 Nxf1 19. Rxf1 Bf5 20. d4 Qd7 21. Qe3 Rbd8 22. Nc4 Be6 23. Nce5 Qd6 24. Re1 Bd5 25. Ng4 Bxf3 26. Bxf3 h5 27. Nf2 Qxd4 28. Qxd4 Rxd4 29.
Rxe7 a5 30. Rxb7 axb4 31. axb4 Rc8 32. Ne4 Ra8 33. Kf2 Ra4 34. Ng5 Rdxb4 35. Re7 Rb2+ 36. Be2 Raa2 37. h4 c5 38. Kf3 Ra3+ 39. Kf2 Raa2 40.
Re4 c4 41. Nf3 c3 42. Re8+ Kg7 43. Nd4 Rd2 44. Ke3 Rdb2 45. Rc8 Ra3 46. Bd3 Rg2 47. Ne2 Rb3 48. Kf3 Rh2 49. Rxc3 Rxc3 50. Nxc3 Rd2 51. Ke3 Rb2 52. Ne2 Rb8 53. Nd4 Re8+ 54. Kd2 Rd8 55. Nf3 Kf6 56. Ke3 Re8+ 57. Kf4 Rd8 58. Bc4 Ke7 59. Ke3 f6 60. Bd3 Kf7 61. Nd4 Re8+ 62.
Kf4 Kg7 63. Bc4 Ra8 64. Bd3 Ra4 65. Ke3 Ra3 66. Ke4 Ra4 67. Ke3 Ra3 68. Ne6+ Kf7 69. Nf4 f5 70. Kd4 Kf6 71. Nd5+ Ke6 72. Nf4+ Kf6 73.
Ke3 Ra1 74. Bb5 Ra3+ 75. Kf2 Ra8 76. Bc6 Rc8 77. Bb7 Rb8 78. Bc6 Rc8 79. Bd7 Rd8 80. Bb5 Rb8 81. Bc4 Rc8 82. Bb3 Rb8 83. Bd1 Rb2+ 84.
Kf3 Ra2 85. Be2 Ra3+ 86. Kg2 Ra2 87. Kh3 Ra8 88. Bf3 Rb8 89. Bg2 Rd8 90. Nd5+ Ke5 91. Nf4 Kf6 92. Bf3 Rb8 93. Bc6 Rc8 94. Bb5 Rb8 95. Bc4 Rc8 96. Be6 Re8 97. Bd7 Rd8 98.
Bb5 Rb8 99. Be2 Ra8 100. Bf3 Rb8 1/2-1/2

[Event "*** Titled Tuesday Blitz"]
[Site "Chess.com"]
[Date "2019.10.01"]
[Round "10"]
[White "kosya4ok"]
[Black "champ2005"]
[Result "1-0"]
[WhiteElo "2652"]
[BlackElo "2809"]
[TimeControl "180+2"]
[EndTime "15:33:30 PDT"]
[Termination "kosya4ok won by resignation"]

1. d4 Nf6 2. c4 Nc6 3. Nc3 e6 4.
a3 d5 5. Nf3 dxc4 6. Qa4 Bd6 7.
e4 Be7 8. Bxc4 O-O 9. Be2 a6 10.
O-O Rb8 11. Rd1 b5 12. Qc2 Bb7 13. Be3 Na5 14. Ne5 Qc8 15. b4 Nc6 16. Nxc6 Bxc6 17. f3 Bb7 18. Na2 Qd7 19. Nc1 Nh5 20. Nb3 f5 21.
Rac1 Rbc8 22. Na5 Ba8 23. Nc6 fxe4 24. fxe4 Nf4 25. Bf3 Bg5 26. Kh1 Nh3 27. Ne5 Qe7 28. Qd2 Bxe4 29. Bxe4 Nf2+ 30. Bxf2 Bxd2 31. Rxd2 Qg5 32.
Rcd1 Rcd8 33. Kg1 Rd6 34. h3 Rfd8 35. Nf3 Qf4 36. Re2 h6 37. Rdd2 a5 38. Rc2 axb4 39.
axb4 Ra6 40. Re1 Qd6 41. Rc5 Ra4 42. Rxb5 Rxb4 43. Rxb4 Qxb4 44. Rc1 Qd6 45. Ne5 Rf8 46. Nf3 Qf4 47. Re1 Rb8 48. Bd3 Re8 49. Bc4 Qd6 50.
Rc1 Qa3 51. Re1 Qc3 52. Bxe6+ Kh8 53. d5 Qf6 54. Bd4 Qf8 55. Rc1 Qd6 56. Be5 Qb6+ 57.
Kh2 c5 58. Bg4 Rxe5 59. Nxe5 Qd6 60. Re1 Qxd5 61. Nf3 c4 62. Re8+ Kh7 63. Re5 Qd6 64. Kg1 c3 65. Bf5+ g6 66. Bc2 Kg7 67. Re2 g5 68.
Kf2 Qc5+ 69. Re3 h5 70. Ke2 g4 71. Ne1 Qd5 72. Rxc3 Qe5+ 73. Re3 Qd4 74. Bd3 Qb2+ 75. Nc2 Qb7 76. Ne1 Kf6 77. hxg4 hxg4 78. Re4 Kg5 79.
Re3 Qb2+ 80. Kf1 Qf6+ 81. Ke2 Kh4 82. Kd2 Qb2+ 83. Nc2 Qb7 84. Re2 Kg3 85. Ne3 Qb4+ 86. Kd1 Qb3+ 87. Bc2 Qb7 88. Nf5+ Kf4 89. Rf2+ Ke5 90. g3 Qh1+ 91. Ke2 Qc6 92. Bd3 Qc7 93. Ne3 Kd4 94. Rf4+ Ke5 95. Nxg4+ Ke6 96. Re4+ Kd6 97. Rd4+ Ke6 98. Re4+ Kd6 99. Ne5 Qc1 100. g4 Qg1 101. Kf3 Qd1+ 102. Ke3 Qe1+ 103. Kd4 Qa1+ 104. Ke3 Qe1+ 105. Kf3 Qh1+ 106. Kg3 Qg1+ 107. Kf4 Qc1+ 108. Kf5 Qc8+ 109. Kg5 Qd8+ 110. Kf4 Qf6+ 111. Kg3 Qg7 112. Nf3 Kd5 113. g5 Qa1 114. Rd4+ Kc5 115. g6 Qc1 116. Rc4+ 1-0

[Event "*** Titled Tuesday Blitz"]
[Site "Chess.com"]
[Date "2019.10.01"]
[Round "10"]
[White "severomorskij"]
[Black "VerdeNotte"]
[Result "1/2-1/2"]
[WhiteElo "2849"]
[BlackElo "2788"]
[TimeControl "180+2"]
[EndTime "15:33:49 PDT"]
[Termination "Game drawn by 50-move rule"]

1. d4 Nf6 2. Bg5 g6 3. Bxf6 exf6 4. c4 d5 5. cxd5 Qxd5 6. Nc3 Qd6 7. e3 Bg7 8. g3 O-O 9. Bg2 c6 10. Nge2 Re8 11.
O-O Nd7 12. a3 Nb6 13. b4 h5 14. b5 h4 15. bxc6 h3 16. Bh1 bxc6 17. a4 Ba6 18. a5 Nd5 19. Nxd5 cxd5 20. Re1 Bxe2 21. Qxe2 Rac8 22.
Qb5 Red8 23. Rec1 Rb8 24. Qc6 f5 25. Qxd6 Rxd6 26. Rc5 Rbd8 27. Rb1 Bf8 28. Kf1 R6d7 29. Rc6 Kg7 30. Ke2 g5 31. Rb5 f4 32. gxf4 gxf4 33. exf4 Re8+ 34. Kd2 Bd6 35. Rc3 Bxf4+ 36. Kd1 Rde7 37. Bxd5 Re2 38. Rd3 Rxf2 39. Rb7 Rf1+ 40. Kc2 Re2+ 41. Kb3 Bd6 42. Rxh3 Kg6 43. Kc4 Rd2 44.
Kb5 Rb1+ 45. Ka6 Rxb7 46. Bxb7 Rxd4 47. Kxa7 Bf4 48. a6 Rb4 49. Rd3 f5 50. h4 Bh2 51.
Ka8 Kh5 52. a7 Kxh4 53. Rd7 Kg5 54. Bc6 Be5 55. Rd5 Kf6 56. Bb5 Bd4 57. Kb7 Bxa7 58. Kxa7 Re4 59. Kb6 f4 60. Rd1 Ke5 61. Bc6 Re3 62.
Rd5+ Ke4 63. Rd8+ Kf5 64. Kc5 Rc3+ 65. Kb5 f3 66. Rf8+ Kg4 67. Bd5 Kg3 68. Kb4 Re3 69. Kc4 f2 70. Kd4 Re1 71. Rf3+ Kg2 72. Rf7+ Kg1 73.
Rg7+ Kh2 74. Rg2+ Kh3 75. Rxf2 Kg3 76. Rf8 Kh4 77. Be4 Kg5 78. Ke5 Ra1 79. Rg8+ Kh6 80.
Rg6+ Kh5 81. Rg2 Ra5+ 82. Bd5 Rb5 83. Rg1 Ra5 84. Rg8 Rb5 85. Ke6 Kh4 86. Be4 Rg5 87. Rf8 Ra5 88. Rh8+ Kg3 89. Rd8 Kf4 90. Bc6 Re5+ 91. Kd6 Rh5 92. Re8 Rg5 93. Re1 Ra5 94. Rf1+ Ke3 95. Bd5 Kd4 96. Rf4+ Ke3 97. Rh4 Ra7 98.
Ke5 Re7+ 99. Be6 Re8 100. Rh3+ Kd2 101. Kd5 Ke2 102. Ra3 Kd2 103. Bf5 Ke2 104. Kd4 Rd8+ 105. Ke4 Re8+ 106. Kf4 Kd2 107. Rd3+ Kc1 108. Rb3 Kd2 109. Be4 Rf8+ 110. Ke5 Re8+ 111. Kd4 Rd8+ 112. Bd5 Kc2 113. Ra3 Kd2 114. Ra2+ Kd1 115. Ke4 Kc1 116. Bc4 Rd2 117. Ra4 Rd8 118. Bd3 Kb2 119. Rc4 Kb3 120. Ke3 Rh8 121. Rc7 Rh3+ 122. Kd2 Kb4 123. Rc4+ Ka5 124. Rc6 Kb4 125. Be2 1/2-1/2